[Event "Titled Tuesday Blitz July 11 Late 2023"]
[White "Vujacic, Igor"]
[Black "Alboredo, Julia"]
[WhiteFideId "932620"]
[BlackFideId "2124807"]
[WhiteElo "2169"]
[BlackElo "2478"]
[Result "1-0"]
[Round "2"]
[TimeControl "180+2"]
[Date "2023.07.11"]
[WhiteClock "0:00:06"]
[BlackClock "0:00:12"]
[Board "175"]

1. d4 Nf6 2. Bf4 d5 3. e3 c5 4. c3 Nc6 5. Nd2 Bf5 6. Ngf3 e6 7. Qb3 Qc8 8. c4 cxd4 9. Nxd4 Nxd4 10. exd4 Be7 11. c5 O-O 12. Be2 Nd7 13. O-O Bf6 14. Nf3 Nb8 15. Be5 Be7 16. Rac1 Nc6 17. Bf4 Bg4 18. Qe3 Bxf3 19. Bxf3 Bf6 20. Rfd1 Qd8 21. a3 a5 22. b3 Re8 23. Bd6 Bg5 24. Bf4 Bxf4 25. Qxf4 Qf6 26. Qxf6 gxf6 27. Rb1 Re7 28. g3 Kf8 29. Rd2 Rd7 30. Kg2 Ke7 31. h4 Ra6 32. h5 b6 33. b4 axb4 34. axb4 bxc5 35. b5 Rb7 36. dxc5 Ra5 37. Rdb2 Nd4 38. c6 Rbxb5 39. Rxb5 Rxb5 40. Rc1 Kd8 41. Bg4 f5 42. Bd1 Kc7 43. Ba4 Ra5 44. Bd1 Ra6 45. Kh3 Rxc6 46. Rb1 Rb6 47. Rc1+ Kd6 48. Kh4 Rb8 49. h6 Rg8 50. Bh5 f6 51. Ra1 f4 52. gxf4 Ne2 53. Ra6+ Kc5 54. Bxe2 Rg2 55. Ra5+ Kb4 56. Ra2 Rxf2 57. Kg3 Kb3 58. Rd2 Kc3 59. Rd3+ Kc4 60. Kxf2 d4 61. Rg3+ Kd5 62. Rg7 e5 63. fxe5 fxe5 64. Rxh7 e4 65. Rg7 e3+ 66. Ke1 Ke4 67. Re7+ 1-0


[Site "https://www.chess.com"]

[Event "Titled Tuesday Blitz July 11 Late 2023"]
[White "Djabri, Massinas"]
[Black "Cardenas Carbajal, Nilson"]
[WhiteFideId "7905726"]
[BlackFideId "8401128"]
[WhiteElo "2476"]
[BlackElo "2155"]
[Result "1-0"]
[Round "2"]
[TimeControl "180+2"]
[Date "2023.07.11"]
[WhiteClock "0:01:34"]
[BlackClock "0:00:00"]
[Board "176"]

1. e4 e5 2. Nf3 Nc6 3. Bc4 Nf6 4. d3 Bc5 5. O-O d6 6. c3 a6 7. Nbd2 O-O 8. Bb3 Ba7 9. Bc2 Kh8 10. Nc4 h6 11. h3 Ne7 12. Kh1 Ng6 13. Nh2 Be6 14. Ne3 Qd7 15. d4 Bxh3 16. gxh3 Qxh3 17. Qf3 Qxf3+ 18. Nxf3 exd4 19. cxd4 Rfe8 20. e5 dxe5 21. Bxg6 fxg6 22. dxe5 Nd7 23. Nd5 Rac8 24. Bf4 c6 25. Nc3 Rf8 26. Ne2 Rce8 27. Kg2 Bb8 28. e6 Bxf4 29. Nxf4 Nc5 30. Nxg6+ Kh7 31. Nxf8+ Rxf8 32. e7 Re8 33. Rfe1 Nd3 34. Re4 g5 35. Rd1 Nf4+ 36. Kg3 Nd5 37. Re6 Kg7 38. Ne5 1-0


[Site "https://www.chess.com"]

[Event "Titled Tuesday Blitz July 11 Late 2023"]
[White "Sliwicki, Damian"]
[Black "Oliveira, Tiago Batista"]
[WhiteFideId "1127128"]
[BlackFideId "2108291"]
[WhiteElo "2472"]
[BlackElo "2153"]
[Result "1-0"]
[Round "2"]
[TimeControl "180+2"]
[Date "2023.07.11"]
[WhiteClock "0:03:03"]
[BlackClock "0:01:06"]
[Board "177"]

1. e4 e5 2. Nf3 Nc6 3. d4 exd4 4. Bc4 Bc5 5. O-O Nf6 6. e5 d5 7. exf6 dxc4 8. fxg7 Rg8 9. Re1+ Be6 10. Bg5 Qd5 11. Nc3 Qf5 12. Ne4 Rxg7 13. Nh4 1-0


[Site "https://www.chess.com"]

[Event "Titled Tuesday Blitz July 11 Late 2023"]
[White "Khouri, Ahmed Abbas"]
[Black "Yurasova, Daria"]
[WhiteFideId "9301518"]
[BlackFideId "34146919"]
[WhiteElo "2132"]
[BlackElo "2471"]
[Result "0-1"]
[Round "2"]
[TimeControl "180+2"]
[Date "2023.07.11"]
[WhiteClock "0:00:02"]
[BlackClock "0:00:08"]
[Board "178"]

1. e4 e5 2. Nf3 Nc6 3. Bb5 a6 4. Ba4 Nf6 5. d3 d6 6. c3 b5 7. Bb3 Be7 8. Nbd2 O-O 9. Nf1 Bb7 10. Ng3 Re8 11. Bg5 g6 12. O-O Bf8 13. Qd2 Bg7 14. Bh6 Bh8 15. h3 Na5 16. Bc2 c5 17. Nf5 d5 18. exd5 Bxd5 19. Nh2 Be6 20. Ne3 Qd7 21. Bg5 Bg7 22. Qe2 h6 23. Bh4 Nh5 24. Qf3 Nf4 25. Rfd1 Nc6 26. Bg3 g5 27. Bb3 Bxb3 28. axb3 Ne7 29. Nhg4 Nf5 30. Nxf5 Qxf5 31. Ne3 Nxh3+ 32. Kh2 Qxf3 33. gxf3 Nf4 34. Bxf4 exf4 35. Nd5 Re2 36. Kg2 Rxb2 37. Re1 Rxb3 38. Re7 Bxc3 39. Rh1 Bg7 40. Rd1 Rd8 41. Nc7 Rbxd3 42. Rde1 c4 43. Nxa6 c3 44. Nb4 Rd2 45. Nc6 Rc8 46. Ne5 c2 47. Nxf7 c1=Q 48. R1e6 Qc5 49. Nxh6+ Bxh6 50. Re5 Qxf2+ 51. Kh3 Qg2# 0-1


[Site "https://www.chess.com"]

[Event "Titled Tuesday Blitz July 11 Late 2023"]
[White "Luong Phuong Hanh"]
[Black "deloewre"]
[WhiteFideId "12401013"]
[WhiteElo "2471"]
[BlackElo "2126"]
[Result "1-0"]
[Round "2"]
[TimeControl "180+2"]
[Date "2023.07.11"]
[WhiteClock "0:01:38"]
[BlackClock "0:00:00"]
[Board "179"]

1. d4 Nf6 2. Nf3 g6 3. g3 Bg7 4. Bg2 O-O 5. O-O d6 6. a4 Nc6 7. a5 a6 8. Nc3 e5 9. dxe5 dxe5 10. Be3 Bf5 11. Qc1 Ne4 12. Nd1 Qe7 13. Nh4 Nd6 14. Bc5 Bg4 15. Nc3 Qe6 16. Nd5 Rac8 17. Re1 Bh3 18. Bh1 e4 19. Nf4 Qd7 20. Nxh3 Qxh3 21. Bxd6 cxd6 22. Bxe4 Nd4 23. e3 Nc6 24. c3 Ne5 25. Bg2 Qd7 26. Qd1 Nc4 27. Qe2 Nxb2 28. Qxb2 Bxc3 29. Qxb7 Qxb7 30. Bxb7 Rb8 31. Bxa6 Bxe1 32. Rxe1 Ra8 33. Bb7 Rxa5 34. e4 Re8 35. Rd1 Rb5 36. Bc6 Rbb8 37. Bxe8 Rxe8 38. Rxd6 Rxe4 39. Kg2 1-0


[Site "https://www.chess.com"]

[Event "Titled Tuesday Blitz July 11 Late 2023"]
[White "Winkels, Marcel"]
[Black "Estrada Nieto, Julian"]
[WhiteFideId "1003887"]
[BlackFideId "5101018"]
[WhiteElo "2120"]
[BlackElo "2468"]
[Result "0-1"]
[Round "2"]
[TimeControl "180+2"]
[Date "2023.07.11"]
[WhiteClock "0:00:00"]
[BlackClock "0:00:07"]
[Board "180"]

1. e4 e5 2. Nf3 Nc6 3. Bb5 a6 4. Ba4 Nf6 5. d3 d6 6. O-O g6 7. Nc3 Bg7 8. h3 O-O 9. a3 Bd7 10. Bb3 Qe8 11. Re1 Nh5 12. Nd5 Rc8 13. Bg5 h6 14. Bd2 Kh7 15. c3 f5 16. exf5 gxf5 17. Bc2 Kh8 18. Qc1 Qf7 19. Nb4 Nxb4 20. axb4 f4 21. d4 Rce8 22. dxe5 dxe5 23. Be4 Bc8 24. Qc2 Bf5 25. Bxf5 Qxf5 26. Qxf5 Rxf5 27. Rad1 Rf7 28. Bc1 Rfe7 29. Rd5 c6 30. Rd6 Nf6 31. Red1 Nd5 32. Nh4 Kh7 33. Nf5 Rf7 34. Nh4 e4 35. Re1 Re5 36. g3 Rg5 37. g4 h5 38. Rxe4 hxg4 39. Kh1 Rh5 40. Ng2 Rxh3+ 41. Kg1 Rd3 42. Re1 Be5 43. Rxe5 f3 44. Ne3 g3 45. Nxd5 Rd1+ 0-1


[Site "https://www.chess.com"]

[Event "Titled Tuesday Blitz July 11 Late 2023"]
[White "Rubio Tent, Francisco"]
[Black "campochess"]
[WhiteFideId "2238233"]
[WhiteElo "2463"]
[BlackElo "2116"]
[Result "1-0"]
[Round "2"]
[TimeControl "180+2"]
[Date "2023.07.11"]
[WhiteClock "0:00:08"]
[BlackClock "0:00:58"]
[Board "181"]

1. d4 Nf6 2. Bf4 d6 3. Nc3 Bf5 4. f3 h6 5. e4 Bh7 6. Bd3 Nfd7 7. Nge2 Nc6 8. O-O e5 9. Be3 Be7 10. a3 Bg5 11. Bf2 O-O 12. Bc4 a6 13. Ba2 Kh8 14. Qe1 f5 15. exf5 Bxf5 16. Qd1 Bf6 17. Nd5 exd4 18. Nxf6 Qxf6 19. Nxd4 Nxd4 20. Bxd4 Qg6 21. Rf2 Be6 22. Bxe6 Qxe6 23. Qe1 Qf7 24. Qc3 c5 25. Be3 d5 26. Qb3 d4 27. Qxf7 Rxf7 28. Bd2 Re8 29. Kf1 Rfe7 30. Re1 Rxe1+ 31. Bxe1 Ne5 32. Re2 Re7 33. Bg3 Ng6 34. Rxe7 Nxe7 35. Bd6 Nc6 36. Bxc5 Kg8 37. Ke2 Kf7 38. Kd3 Ke6 39. Bxd4 g6 40. Bg7 h5 41. g4 hxg4 42. fxg4 Kd5 43. h4 Ke6 44. h5 Kf7 45. h6 g5 46. Ke4 Ne7 47. Ke5 Kg6 48. Kd6 Nc6 49. Kc7 Na5 50. Kb6 Nc4+ 51. Kxb7 Ne3 52. Kxa6 Nxg4 53. b4 Nf6 54. b5 g4 55. Bf8 Ne4 56. b6 g3 57. b7 g2 58. b8=Q g1=Q 59. Qb7 Kf5 60. Qb5+ Kg4 61. Qd7+ Kf3 62. Qf5+ Ke3 63. Bc5+ Nxc5+ 64. Qxc5+ 1-0


[Site "https://www.chess.com"]

[Event "Titled Tuesday Blitz July 11 Late 2023"]
[White "Gatterer, Florian"]
[Black "Ricaurte Lopez, Juan Carlos"]
[WhiteFideId "811688"]
[BlackFideId "3600327"]
[WhiteElo "2460"]
[BlackElo "2114"]
[Result "1/2-1/2"]
[Round "2"]
[TimeControl "180+2"]
[Date "2023.07.11"]
[WhiteClock "0:01:10"]
[BlackClock "0:01:35"]
[Board "182"]

1. d4 c5 2. d5 e6 3. Nc3 d6 4. e4 e5 5. a4 g6 6. Be2 Bg7 7. Nf3 Ne7 8. Nd2 O-O 9. Nc4 h6 10. O-O f5 11. f4 exf4 12. Bxf4 fxe4 13. Bxd6 Rxf1+ 14. Bxf1 Nf5 15. Bf4 Bd4+ 16. Kh1 e3 17. Nb5 Na6 18. Nxd4 cxd4 19. g4 Qxd5+ 20. Bg2 Qxc4 21. gxf5 Bxf5 1/2-1/2


[Site "https://www.chess.com"]

[Event "Titled Tuesday Blitz July 11 Late 2023"]
[White "whiteglovethief"]
[Black "Hartikainen, Jarmo"]
[BlackFideId "503134"]
[WhiteElo "2455"]
[BlackElo "2113"]
[Result "1-0"]
[Round "2"]
[TimeControl "180+2"]
[Date "2023.07.11"]
[WhiteClock "0:00:54"]
[BlackClock "0:00:28"]
[Board "183"]

1. d4 Nf6 2. c4 g6 3. Nc3 Bg7 4. e4 d6 5. Nf3 Na6 6. Be2 O-O 7. O-O e5 8. Be3 exd4 9. Nxd4 Nc5 10. f3 a5 11. Rc1 c6 12. Qd2 Re8 13. Bg5 Qc7 14. Rfd1 Be6 15. Nxe6 Rxe6 16. Bf4 Ne8 17. Bf1 Rd8 18. Qf2 Qe7 19. g3 Nd7 20. Bh3 Ne5 21. Bxe6 Qxe6 22. Bxe5 Qxe5 23. f4 Qh5 24. e5 Bf8 25. Qe2 Qxe2 26. Nxe2 Be7 27. Nc3 dxe5 28. Rxd8 Bxd8 29. fxe5 Bc7 30. Re1 Ng7 31. b3 Ne6 32. Kg2 Kg7 33. Ne4 Bxe5 34. Ng5 Nxg5 35. Rxe5 Kf6 36. Rxa5 Ne6 37. Ra7 Nd8 38. a4 Ke5 39. a5 Kd4 40. Rxb7 Nxb7 41. a6 Nd6 42. a7 1-0


[Site "https://www.chess.com"]

[Event "Titled Tuesday Blitz July 11 Late 2023"]
[White "Djordjevic, Dejan N"]
[Black "Nunez V, Gustavo Eduardo"]
[WhiteFideId "913316"]
[BlackFideId "4403690"]
[WhiteElo "2074"]
[BlackElo "2454"]
[Result "1-0"]
[Round "2"]
[TimeControl "180+2"]
[Date "2023.07.11"]
[WhiteClock "0:00:34"]
[BlackClock "0:00:12"]
[Board "184"]

1. e4 d5 2. exd5 Nf6 3. d4 Nxd5 4. Nf3 g6 5. c4 Nf6 6. h3 Bg7 7. Nc3 O-O 8. Be2 c5 9. d5 Ne8 10. O-O Nd6 11. Be3 b6 12. Rc1 Nd7 13. a3 a5 14. Bf4 Nf6 15. Bd3 h6 16. Re1 Ra7 17. Qd2 Kh7 18. Ne5 Bd7 19. a4 Qe8 20. b3 Qc8 21. Re2 Nf5 22. Nxd7 Qxd7 23. Nb5 Rb7 24. Rce1 Re8 25. Bxf5 Qxf5 26. g4 Qd7 27. Qd3 h5 28. g5 Ng8 29. Nd6 exd6 30. Rxe8 f6 31. Rxg8 Kxg8 32. Qxg6 Rb8 33. gxf6 Qf7 34. Qxg7+ Qxg7+ 35. fxg7 Kxg7 36. Bxd6 Rg8 37. Kf1 Kf6 38. Re6+ Kf5 39. Bc7 b5 40. cxb5 Rc8 41. b6 Rg8 42. Re5+ Kf6 43. b7 c4 44. bxc4 h4 45. Re6+ Kf5 46. b8=Q Rxb8 47. Bxb8 Kg5 48. c5 Kf5 49. c6 Kg5 50. c7 Kf5 51. c8=Q Kg5 52. Qg8+ Kf5 53. Qg4# 1-0


[Site "https://www.chess.com"]

[Event "Titled Tuesday Blitz July 11 Late 2023"]
[White "Semenova, Alina"]
[Black "Le Goff, Ronan"]
[WhiteFideId "24113875"]
[BlackFideId "612073"]
[WhiteElo "2058"]
[BlackElo "2451"]
[Result "0-1"]
[Round "2"]
[TimeControl "180+2"]
[Date "2023.07.11"]
[WhiteClock "0:00:00"]
[BlackClock "0:00:47"]
[Board "185"]

1. e4 e5 2. Nf3 Nc6 3. Bb5 a6 4. Ba4 Nf6 5. O-O Be7 6. Re1 b5 7. Bb3 O-O 8. c3 d6 9. d4 Bg4 10. d5 Na5 11. Bc2 c6 12. h3 Bd7 13. b3 Rc8 14. Ba3 cxd5 15. exd5 Nb7 16. Qd3 Nc5 17. Bxc5 Rxc5 18. c4 bxc4 19. bxc4 Qc8 20. Nbd2 Re8 21. Rab1 g6 22. Bb3 e4 23. Nxe4 Nxe4 24. Qxe4 Bf5 25. Qf4 Bxb1 26. Rxb1 Bf8 27. Ng5 Qc7 28. Nf3 Bg7 29. Qh4 Qe7 30. Qg4 Rcc8 31. Ba4 Rf8 32. Re1 Qc7 33. Bc6 Qb6 34. Ng5 Rxc6 35. dxc6 Qxc6 36. Qh4 h6 37. Nf3 Rc8 38. Rc1 d5 39. Nd2 Qf6 40. Nb3 Qxh4 0-1


[Site "https://www.chess.com"]

[Event "Titled Tuesday Blitz July 11 Late 2023"]
[White "Srdanovic, Jovana"]
[Black "Gazola, Vanessa Ramos"]
[WhiteFideId "954810"]
[BlackFideId "2112590"]
[WhiteElo "2445"]
[BlackElo "2056"]
[Result "1/2-1/2"]
[Round "2"]
[TimeControl "180+2"]
[Date "2023.07.11"]
[WhiteClock "0:00:14"]
[BlackClock "0:00:11"]
[Board "186"]

1. d4 d5 2. c4 e6 3. Nc3 Be7 4. Nf3 Nf6 5. Bg5 h6 6. Bh4 O-O 7. e3 a6 8. cxd5 exd5 9. Bd3 Re8 10. Qb3 c6 11. h3 Nbd7 12. O-O Qb6 13. Qc2 Nf8 14. Rab1 a5 15. a3 Qc7 16. Bxf6 Bxf6 17. Nxd5 Qd6 18. Nxf6+ Qxf6 19. b4 axb4 20. axb4 Ne6 21. b5 Nd8 22. Ne5 Qg5 23. f4 Qf6 24. Be4 cxb5 25. Rxb5 Qa6 26. Rfb1 f6 27. Bd5+ Be6 28. Bxe6+ Rxe6 29. Nd7 Rxe3 30. Nc5 Qd6 31. Nxb7 Nxb7 32. Rxb7 Qxf4 33. Kh1 Qg5 34. Rb8+ Rxb8 35. Rxb8+ Kf7 36. Rb7+ Kg8 37. Rb8+ Kf7 38. Qa2+ Kg6 39. Qb1+ Qf5 40. d5 Rd3 41. Rb7 Rxd5 42. Qg1 Qe5 43. Qf2 Qf5 44. Qxf5+ Rxf5 45. Rb3 Rf1+ 46. Kh2 Rf2 47. Rg3+ Kf7 48. Rb3 g5 49. Kg3 Re2 50. Kf3 Re5 51. Rb7+ Kg6 52. Rb8 h5 53. Rg8+ Kf7 54. Rh8 h4 55. Rh7+ Kg6 56. Ra7 Kf5 57. Ra6 Rd5 58. Ra8 Rc5 59. Ra7 Rc3+ 60. Kf2 Rc2+ 61. Kf3 Rc3+ 62. Kf2 Rc2+ 63. Kg1 Rc1+ 64. Kh2 Rc5 65. Ra4 Re5 66. Ra3 Kg6 67. Ra8 Kf5 68. Rg8 Re2 69. Rf8 Kg6 70. Rg8+ Kf5 71. Ra8 Kf4 72. Rf8 f5 73. Ra8 Re4 74. Ra3 g4 75. hxg4 fxg4 76. Ra8 Kg5 77. Rg8+ Kf4 78. Rf8+ Ke3 79. Rh8 h3 80. gxh3 gxh3 81. Rxh3+ Kd4 82. Kg3 Re3+ 83. Kg2 Rxh3 84. Kxh3 1/2-1/2


[Site "https://www.chess.com"]

[Event "Titled Tuesday Blitz July 11 Late 2023"]
[White "Jimenez Ruano, Adrian"]
[Black "Milovic, Aleksandra"]
[WhiteFideId "22276050"]
[BlackFideId "933988"]
[WhiteElo "2444"]
[BlackElo "2028"]
[Result "1-0"]
[Round "2"]
[TimeControl "180+2"]
[Date "2023.07.11"]
[WhiteClock "0:00:07"]
[BlackClock "0:00:11"]
[Board "187"]

1. e4 e6 2. d4 d5 3. Nc3 Nf6 4. e5 Nfd7 5. f4 c5 6. Nf3 Nc6 7. Be3 Qb6 8. Qd2 Qxb2 9. Rb1 Qa3 10. Be2 a6 11. O-O Be7 12. f5 cxd4 13. Nxd4 Ndxe5 14. fxe6 Bxe6 15. Nxe6 fxe6 16. Bb6 Bf6 17. Bh5+ Ng6 18. Rb3 Qd6 19. Ne4 Qe5 20. Nxf6+ gxf6 21. Bg4 Nd8 22. Bxd8 Rxd8 23. Re3 Qg5 24. Rxe6+ Kf7 25. Rexf6+ Qxf6 26. Rxf6+ Kxf6 27. Qf2+ Kg7 28. Qd4+ Kh6 29. Bf5 Rhf8 30. g4 Nh4 31. Qe3+ Kg7 32. Qe7+ Kh8 33. Qxh4 Rde8 34. Qf2 h5 35. Qd4+ Kg8 36. Qxd5+ Kg7 37. Qd7+ Kh6 38. Qd6+ Kg5 39. Qg6+ Kf4 40. Qh6+ Kf3 41. Qd2 hxg4 42. Qf2# 1-0


[Site "https://www.chess.com"]

[Event "Titled Tuesday Blitz July 11 Late 2023"]
[White "Blackwhite017"]
[Black "Matt, Fabian"]
[BlackFideId "1623303"]
[WhiteElo "2008"]
[BlackElo "2443"]
[Result "0-1"]
[Round "2"]
[TimeControl "180+2"]
[Date "2023.07.11"]
[WhiteClock "0:00:06"]
[BlackClock "0:00:17"]
[Board "188"]

1. e4 c6 2. Nf3 d5 3. exd5 cxd5 4. Ne5 Nc6 5. d4 Qb6 6. c3 Nf6 7. Bd3 Nxe5 8. dxe5 Ng4 9. Qe2 g6 10. Bb5+ Kd8 11. O-O Bg7 12. Bf4 a6 13. Ba4 h5 14. c4 Qd4 15. Bd2 Bxe5 16. h3 Nf6 17. Bc3 Qxc4 18. Qxc4 dxc4 19. Bxe5 b5 20. Rd1+ Ke8 21. Bc2 Bb7 22. Nc3 Rd8 23. Rxd8+ Kxd8 24. Rd1+ Kc8 25. Ne4 Re8 26. Bxf6 Bxe4 27. Bxe4 exf6 28. Bf3 Kc7 29. Kf1 Re6 30. Re1 Rd6 31. Re7+ Kb6 32. Ke2 b4 33. Rxf7 c3 34. Rb7+ Kc5 35. bxc3 bxc3 36. Rc7+ Kb4 37. Be4 Rd2+ 38. Kf3 f5 39. Bb1 Rb2 40. Rb7+ Ka3 41. Rxb2 Kxb2 42. Bd3 Kxa2 43. Bxa6 c2 44. Bc4+ Kb2 45. Bf7 c1=Q 46. Bxg6 Qc3+ 47. Kf4 Qd4+ 48. Kxf5 Qxf2+ 49. Kg5 Qxg2+ 50. Kxh5 Qxh3+ 51. Kg5 Qg3+ 52. Kf6 Kc3 53. Kg7 Kd4 54. Kh6 Ke5 55. Kh7 Kf6 56. Kh8 Qh4+ 57. Bh7 Qh6 58. Kg8 Qg7# 0-1


[Site "https://www.chess.com"]

[Event "Titled Tuesday Blitz July 11 Late 2023"]
[White "Curtis, John"]
[Black "Sztokbant, Bernardo Vainzoff"]
[WhiteFideId "3200256"]
[BlackFideId "2115956"]
[WhiteElo "1983"]
[BlackElo "2440"]
[Result "0-1"]
[Round "2"]
[TimeControl "180+2"]
[Date "2023.07.11"]
[WhiteClock "0:00:00"]
[BlackClock "0:00:05"]
[Board "189"]

1. d4 Nf6 2. c4 e6 3. Nc3 Bb4 4. e3 O-O 5. Bd3 d5 6. Ne2 c5 7. a3 Bxc3+ 8. Nxc3 dxc4 9. Bxc4 cxd4 10. Qxd4 Qxd4 11. exd4 Nc6 12. Be3 Rd8 13. O-O-O Bd7 14. Kb1 Rac8 15. Ba2 Na5 16. d5 exd5 17. Bxa7 Bf5+ 18. Ka1 Nc4 19. Bd4 Ne4 20. Nxe4 dxe4 21. h3 Be6 22. Bb1 f5 23. Ba2 Kf7 24. Bc3 Rd3 25. Rc1 Nxa3 26. Bxe6+ Kxe6 27. Bxg7 Nc2+ 28. Kb1 Rd2 29. Rhf1 Rc6 30. Bh6 Re2 31. Bf4 Nb4 32. Rxc6+ bxc6 33. Be3 Nd3 34. Bd4 Kd5 35. Bc3 Kc4 36. f3 Kb3 37. fxe4 fxe4 0-1


[Site "https://www.chess.com"]

[Event "Titled Tuesday Blitz July 11 Late 2023"]
[White "Sainz Aguirre, Ignacio"]
[Black "Jonkman, Harmen"]
[WhiteFideId "5101727"]
[BlackFideId "1002708"]
[WhiteElo "1981"]
[BlackElo "2433"]
[Result "0-1"]
[Round "2"]
[TimeControl "180+2"]
[Date "2023.07.11"]
[WhiteClock "0:00:00"]
[BlackClock "0:00:13"]
[Board "190"]

1. e4 e5 2. Nf3 Nc6 3. Bc4 Bc5 4. c3 Nf6 5. b4 Bb6 6. d3 d6 7. O-O a5 8. b5 Ne7 9. a4 Ng6 10. Re1 O-O 11. Ba2 h6 12. h3 Re8 13. Na3 Be6 14. Bxe6 Rxe6 15. Nc4 Ba7 16. Rb1 c6 17. b6 Bb8 18. Ne3 d5 19. exd5 cxd5 20. c4 Rxb6 21. Rxb6 Qxb6 22. Nxd5 Nxd5 23. cxd5 Qd6 24. Qb3 Qb4 25. Qc4 Bd6 26. Bd2 Qa3 27. Qb5 Rc8 28. Qxb7 Rc2 29. Bxa5 Qxd3 30. Bb6 Nf4 31. a5 Nxh3+ 32. gxh3 Qxf3 33. Qa8+ Kh7 34. Qd8 Bc7 0-1


[Site "https://www.chess.com"]

[Event "Titled Tuesday Blitz July 11 Late 2023"]
[White "Bouget, Alexandre"]
[Black "Upper, John"]
[WhiteFideId "681318"]
[BlackFideId "2606437"]
[WhiteElo "2430"]
[BlackElo "1980"]
[Result "0-1"]
[Round "2"]
[TimeControl "180+2"]
[Date "2023.07.11"]
[WhiteClock "0:00:33"]
[BlackClock "0:01:06"]
[Board "191"]

1. d4 Nf6 2. c4 e6 3. Nc3 Bb4 4. a3 Bxc3+ 5. bxc3 O-O 6. f3 d5 7. cxd5 Nxd5 8. Qc2 f5 9. Nh3 c5 10. e4 fxe4 11. fxe4 Qh4+ 12. Nf2 Nxc3 13. Bd3 cxd4 14. O-O Nc6 15. g3 Qh5 16. Bf4 e5 17. Bc4+ Kh8 18. Bd2 Bh3 19. Nxh3 Qxh3 20. Bd5 Ne2+ 21. Kh1 Rxf1+ 0-1


[Site "https://www.chess.com"]

[Event "Titled Tuesday Blitz July 11 Late 2023"]
[White "Cruz Gomez, Miguel Angel"]
[Black "Bueno, Alfeu Junior Varela"]
[WhiteFideId "5137160"]
[BlackFideId "2108879"]
[WhiteElo "1974"]
[BlackElo "2429"]
[Result "0-1"]
[Round "2"]
[TimeControl "180+2"]
[Date "2023.07.11"]
[WhiteClock "0:01:14"]
[BlackClock "0:01:44"]
[Board "192"]

1. Nf3 e6 2. d4 f5 3. Bg5 Be7 4. h4 Nf6 5. Bxf6 Bxf6 6. Nbd2 c5 7. e3 O-O 8. c3 Nc6 9. Bb5 Qb6 10. Bxc6 bxc6 11. Qc2 Ba6 12. Nb3 cxd4 13. exd4 Bc4 14. Nfd2 Bd5 15. f3 e5 16. c4 Bf7 17. dxe5 Bxe5 18. O-O-O a5 19. c5 Qb4 20. h5 a4 0-1


[Site "https://www.chess.com"]

[Event "Titled Tuesday Blitz July 11 Late 2023"]
[White "Taranenko, Evgueniy"]
[Black "Filgueiras, Nathan Felipe"]
[WhiteFideId "14122138"]
[BlackFideId "2188562"]
[WhiteElo "2423"]
[BlackElo "1897"]
[Result "1-0"]
[Round "2"]
[TimeControl "180+2"]
[Date "2023.07.11"]
[WhiteClock "0:00:35"]
[BlackClock "0:01:38"]
[Board "193"]

1. e4 c5 2. Nf3 d6 3. d4 cxd4 4. Nxd4 Nf6 5. f3 a6 6. c4 e5 7. Nc2 Be6 8. Nc3 Nbd7 9. Ne3 Be7 10. b3 O-O 11. Ned5 Bxd5 12. Nxd5 Nxd5 13. Qxd5 Nf6 14. Qd3 Rc8 15. Bd2 Qc7 16. Be2 Nd7 17. O-O Nc5 18. Qd5 Kh8 19. Be3 f5 20. exf5 Rxf5 21. Rac1 a5 22. Rcd1 Rcf8 23. Bxc5 dxc5 24. Bd3 Rf4 25. Be4 h5 26. Qxb7 Qxb7 27. Bxb7 a4 28. Rd7 Bg5 29. Be4 axb3 30. axb3 Rb8 31. Rc7 Rff8 32. Rb1 Be3+ 33. Kf1 Rfd8 34. Ke2 Bf4 35. Bd5 Bxh2 36. Rh1 Rxb3 37. Rxh2 g6 38. Kf2 1-0


[Site "https://www.chess.com"]

[Event "Titled Tuesday Blitz July 11 Late 2023"]
[White "Burke, Paul"]
[Black "Rodriguez Fontecha, Marcos"]
[WhiteFideId "2605767"]
[BlackFideId "2256576"]
[WhiteElo "1893"]
[BlackElo "2423"]
[Result "0-1"]
[Round "2"]
[TimeControl "180+2"]
[Date "2023.07.11"]
[WhiteClock "0:00:04"]
[BlackClock "0:00:03"]
[Board "194"]

1. e4 c5 2. Nf3 e6 3. d4 cxd4 4. c3 d3 5. Bxd3 Nc6 6. Bf4 d6 7. O-O Nf6 8. Qe2 Be7 9. Rd1 e5 10. Be3 O-O 11. h3 a6 12. Na3 Qc7 13. Rac1 b5 14. Bb1 Be6 15. c4 b4 16. Nc2 Rab8 17. b3 Nd7 18. Bd2 Nc5 19. Ne3 a5 20. Nd5 Bxd5 21. exd5 Nd8 22. Be3 f5 23. Bxc5 Qxc5 24. Ne1 e4 25. Nc2 Bf6 26. Ne3 Be5 27. g4 f4 28. Nf5 Nf7 29. Ne7+ Kh8 30. Qxe4 Ng5 31. Qd3 Rbe8 32. h4 Rxe7 33. hxg5 g6 34. Re1 Ref7 35. Qh3 Bd4 36. Re6 Bxf2+ 37. Kf1 Bg3 38. Rc2 Qd4 39. Rxg6 Qd1+ 40. Kg2 Qxb1 41. Re6 Qxc2+ 0-1


[Site "https://www.chess.com"]

[Event "Titled Tuesday Blitz July 11 Late 2023"]
[White "Melikhov, Evgeny V."]
[Black "Gyulamiryan-koryun"]
[WhiteFideId "4122046"]
[WhiteElo "2415"]
[BlackElo "1858"]
[Result "1-0"]
[Round "2"]
[TimeControl "180+2"]
[Date "2023.07.11"]
[WhiteClock "0:00:48"]
[BlackClock "0:00:00"]
[Board "196"]

1. d4 Nf6 2. c4 c5 3. d5 b5 4. cxb5 a6 5. b6 d6 6. Nc3 Nbd7 7. a4 Nxb6 8. a5 Nbd7 9. e4 g6 10. Nf3 Bg7 11. Be2 O-O 12. O-O Ng4 13. Nd2 Ngf6 14. Nc4 Rb8 15. Bd2 Ne5 16. Nb6 Rxb6 17. axb6 Qxb6 18. Na4 Qa7 19. Qc2 Bg4 20. Rfe1 Rb8 21. Ra2 Bxe2 22. Rxe2 c4 23. Be3 Qb7 24. Bd4 Nfd7 25. Kh1 Qb3 26. Qxb3 cxb3 27. Ra3 Nc4 28. Bxg7 Nxa3 29. Bd4 Nc4 30. Nc3 f6 31. f4 Rb4 32. Bf2 a5 33. Be1 Rb8 34. Nb1 a4 35. Bc3 Nc5 36. g4 Kf7 37. h4 h6 38. Kg2 Nd3 39. Kf3 Nc1 40. Rh2 Na2 41. Bd4 1-0


[Site "https://www.chess.com"]

[Event "Titled Tuesday Blitz July 11 Late 2023"]
[White "Perez Ponsa, Federico"]
[Black "Carlsen, Magnus"]
[WhiteFideId "117927"]
[BlackFideId "1503014"]
[WhiteElo "2789"]
[BlackElo "3284"]
[Result "0-1"]
[Round "3"]
[TimeControl "180+2"]
[Date "2023.07.11"]
[WhiteClock "0:00:04"]
[BlackClock "0:00:04"]
[Board "1"]

1. e4 a6 2. d4 c6 3. Nf3 d5 4. Nc3 Bg4 5. h3 Bh5 6. Bd3 e6 7. g4 Bg6 8. h4 Nf6 9. exd5 cxd5 10. Ne5 Bxd3 11. cxd3 Nfd7 12. Bf4 Qb6 13. Qa4 Qxb2 14. Rc1 Bb4 15. O-O Bxc3 16. Rxc3 Qxc3 17. Rc1 Qxc1+ 18. Bxc1 O-O 19. Ba3 Rd8 20. Be7 Re8 21. Nxd7 b5 22. Nf6+ gxf6 23. Qa3 Nd7 24. g5 fxg5 25. hxg5 Nf8 26. Qd6 Ng6 27. Bf6 Nh4 28. g6 Nf5 29. gxh7+ Kxh7 30. Qh2+ Kg6 31. Be5 f6 32. Bc7 Rh8 33. Qf4 Kf7 34. Bb6 Rag8+ 35. Kf1 Rh1+ 36. Ke2 Rgg1 37. Qc7+ Kg6 38. Ba5 Nxd4+ 39. Ke3 Nf5+ 40. Ke2 Ra1 41. Qd8 Rxa2+ 42. Kf3 Rh3+ 43. Kg2 Rg3+ 44. Kf1 Rf3 45. Qg8+ Ng7 46. Bb6 b4 47. Qc8 b3 48. Qc3 b2 49. Kg2 b1=Q 50. Kxf3 Qd1+ 51. Kg3 Rc2 52. Qd4 Qg1+ 53. Kf3 Qd1+ 54. Kg3 Nf5+ 0-1


[Site "https://www.chess.com"]

[Event "Titled Tuesday Blitz July 11 Late 2023"]
[White "Nakamura, Hikaru"]
[Black "Schmakel, Sam"]
[WhiteFideId "2016192"]
[BlackFideId "2039311"]
[WhiteElo "3241"]
[BlackElo "2789"]
[Result "1-0"]
[Round "3"]
[TimeControl "180+2"]
[Date "2023.07.11"]
[WhiteClock "0:02:09"]
[BlackClock "0:00:03"]
[Board "2"]

1. a3 g6 2. e4 Bg7 3. d4 d6 4. Nf3 Nf6 5. Bd3 O-O 6. O-O Nc6 7. d5 Nb8 8. h3 c6 9. c4 a5 10. Nc3 Na6 11. Re1 Nc5 12. Bc2 Bd7 13. Be3 cxd5 14. exd5 Qc7 15. Rb1 a4 16. Nd4 Rfe8 17. Ndb5 Qc8 18. Bd4 Ra6 19. Qf3 Nb3 20. Bxf6 Bxf6 21. Ne4 Qxc4 22. Bd3 Qc8 23. Nbxd6 Qd8 24. Nxf6+ exf6 25. Nxe8 Bxe8 26. Bxa6 1-0


[Site "https://www.chess.com"]